General information
- name: BNet
- type: Ladder team game (AT/RT)
- host: Battle.net
- saver: Ugotluckyson
map: DragonFalls
- players: 8
- length: 26:04
- speed: Fast
- version: 1.28 W3XP
- replay type: Public
» download(169 KB)
Players
team 1 (loser)
c0ca_c0la (
blue | 55 APM | 1377 actions | 24:57)
4 Archmage
2 Summon Water Elemental
2 Brilliance Aura
3 Firelord
1 Summon Lava Spawn
2 Incinerate
» actions
| Assign group hotkey | 52 | |
| Basic commands | 8 | |
| Build / train | 99 | |
| ESC pressed | 2 | |
| Enter build submenu | 30 | |
| Enter hero's abilities submenu | 7 | |
| Right click | 514 | |
| Select / deselect | 335 | |
| Select group hotkey | 195 | |
| Use ability | 135 | |
1377 total
» units
| Peasant | 21 | |
| Footman | 5 | |
| Sorceress | 7 | |
| Priest | 8 | |
| Spell Breaker | 9 | |
50 total
» upgrades
| Lumber Harvesting | 1 | |
| Sorceress Training | 2 | |
| Priest Training | 2 | |
| Magic Sentry | 1 | |
6 total
» buildings
| Farm | 14 | |
| Altar of Kings | 2 | |
| Barracks | 1 | |
| Scout Tower | 4 | |
| Arcane Tower | 4 | |
| Arcane Vault | 1 | |
| Keep | 2 | |
| Lumber Mill | 1 | |
| Town Hall | 1 | |
| Arcane Sanctum | 3 | |
| Castle | 2 | |
35 total
» build order
00:12 Farm
00:14 Altar of Kings
00:17 Altar of Kings
00:22 Barracks
00:55 Farm
02:03 Scout Tower
02:07 Farm
02:37 Arcane Tower
02:37 Arcane Tower
02:55 Arcane Vault
03:25 Keep
03:25 Keep
04:21 Lumber Mill
04:35 Town Hall
04:38 Scout Tower
06:04 Farm
06:48 Arcane Tower
06:48 Arcane Tower
07:27 Arcane Sanctum
07:29 Arcane Sanctum
08:53 Arcane Sanctum
09:16 Farm
10:14 Farm
10:15 Farm
11:31 Castle
11:31 Castle
11:34 Farm
11:35 Farm
12:45 Farm
14:47 Farm
14:50 Farm
14:52 Farm
14:53 Farm
19:38 Scout Tower
19:39 Scout Tower
» items
| Scroll of Regeneration | 6 | |
| Lesser Clarity Potion | 6 | |
| Boots of Speed | 1 | |
| Scroll of Town Portal | 3 | |
| Potion of Healing | 1 | |
17 total
SHAMAN-BAMAN (
green | 68 APM | 1769 actions | 26:02)
5 Blademaster
3 Wind Walk
2 Critical Strike
» actions
| Assign group hotkey | 41 | |
| Basic commands | 36 | |
| Build / train | 77 | |
| Enter build submenu | 34 | |
| Enter hero's abilities submenu | 5 | |
| Give item / drop item | 7 | |
| Remove unit from queue | 2 | |
| Right click | 747 | |
| Select / deselect | 277 | |
| Select group hotkey | 450 | |
| Use ability | 93 | |
1769 total
» units
| Peon | 18 | |
| Grunt | 3 | |
| Goblin Shredder | 4 | |
| Wind Rider | 3 | |
| Goblin Sapper | 20 | |
48 total
» upgrades
| Reinforced Defenses | 1 | |
| Ranged Weapons | 2 | |
| Armor | 2 | |
| Envenomed Spears | 1 | |
6 total
» buildings
| Altar of Storms | 1 | |
| Orc Burrow | 6 | |
| Barracks | 1 | |
| Voodoo Lounge | 1 | |
| Stronghold | 2 | |
| Great Hall | 2 | |
| War Mill | 1 | |
| Fortress | 2 | |
| Watch Tower | 24 | |
| Beastiary | 4 | |
44 total
» build order
00:07 Altar of Storms
00:20 Orc Burrow
00:38 Barracks
01:24 Orc Burrow
01:58 Voodoo Lounge
03:38 Stronghold
03:39 Stronghold
03:59 Orc Burrow
04:23 Great Hall
04:53 War Mill
06:09 Fortress
06:09 Fortress
06:48 Watch Tower
06:48 Watch Tower
06:50 Watch Tower
07:29 Watch Tower
07:30 Watch Tower
07:30 Watch Tower
07:44 Watch Tower
08:03 Watch Tower
08:03 Watch Tower
08:24 Watch Tower
08:29 Watch Tower
09:09 Great Hall
09:54 Beastiary
10:01 Beastiary
11:19 Beastiary
11:24 Orc Burrow
11:25 Orc Burrow
12:36 Watch Tower
12:37 Watch Tower
12:37 Watch Tower
13:10 Watch Tower
13:24 Beastiary
14:05 Watch Tower
14:06 Watch Tower
14:06 Watch Tower
14:39 Watch Tower
14:42 Watch Tower
14:48 Orc Burrow
15:41 Watch Tower
15:42 Watch Tower
15:44 Watch Tower
19:04 Watch Tower
» items
| Healing Salve | 1 | |
| Scroll of Town Portal | 2 | |
| Staff of Preservation | 1 | |
| Orb of Lightning | 1 | |
| Staff of Teleportation | 1 | |
| Boots of Speed | 1 | |
| Tiny Great Hall | 1 | |
8 total
WHIM (
yellow | 66 APM | 1312 actions | 19:55)
2 Blademaster
1 Wind Walk
1 Critical Strike
» actions
| Assign group hotkey | 15 | |
| Build / train | 68 | |
| ESC pressed | 3 | |
| Enter build submenu | 20 | |
| Enter hero's abilities submenu | 2 | |
| Give item / drop item | 1 | |
| Right click | 631 | |
| Select / deselect | 179 | |
| Select group hotkey | 318 | |
| Use ability | 75 | |
1312 total
» units
| Peon | 17 | |
| Troll Batrider | 17 | |
| Wind Rider | 1 | |
35 total
» upgrades
| Ranged Weapons | 3 | |
| Armor | 2 | |
| Liquid Fire | 1 | |
| Reinforced Defenses | 1 | |
7 total
» buildings
| Altar of Storms | 1 | |
| Orc Burrow | 4 | |
| Voodoo Lounge | 1 | |
| War Mill | 2 | |
| Stronghold | 1 | |
| Beastiary | 5 | |
| Fortress | 2 | |
| Watch Tower | 6 | |
22 total
» build order
00:07 Altar of Storms
00:16 Orc Burrow
00:49 Voodoo Lounge
01:20 Orc Burrow
02:07 War Mill
02:41 Stronghold
03:18 War Mill
03:24 Orc Burrow
05:01 Orc Burrow
05:04 Beastiary
05:05 Beastiary
05:07 Beastiary
06:16 Beastiary
06:16 Beastiary
06:19 Fortress
06:19 Fortress
19:11 Watch Tower
19:42 Watch Tower
19:43 Watch Tower
19:43 Watch Tower
19:43 Watch Tower
19:44 Watch Tower
» items
| Healing Salve | 2 | |
| Lesser Clarity Potion | 3 | |
| Boots of Speed | 3 | |
| Dust of Appearance | 1 | |
| Potion of Lesser Invulnerability | 2 | |
| Potion of Invisibility | 1 | |
| Orb of Lightning | 1 | |
| Potion of Healing | 1 | |
14 total

»
Blood4oil (
teal | 51 APM | 1268 actions | 25:01)
4 Priestess of the Moon
2 Trueshot Aura
2 Searing Arrows
2 Dark Ranger
1 Black Arrow
1 Silence
» actions
| Assign group hotkey | 30 | |
| Basic commands | 6 | |
| Build / train | 104 | |
| Enter build submenu | 20 | |
| Enter hero's abilities submenu | 6 | |
| Remove unit from queue | 1 | |
| Right click | 593 | |
| Select / deselect | 272 | |
| Select group hotkey | 188 | |
| Use ability | 48 | |
1268 total
» units
| Wisp | 23 | |
| Archer | 29 | |
| Huntress | 1 | |
| Hippogryph | 28 | |
| Glaive Thrower | 1 | |
82 total
» upgrades
| Strength of the Moon | 2 | |
| Moon Armor | 2 | |
| Hippogryph Taming | 1 | |
| Improved Bows | 1 | |
6 total
» buildings
| Moon Well | 7 | |
| Altar of Elders | 1 | |
| Ancient of War | 1 | |
| Tree of Ages | 2 | |
| Hunter's Hall | 1 | |
| Ancient of Wind | 1 | |
| Ancient of Wonders | 1 | |
| Ancient Protector | 3 | |
| Tree of Life | 1 | |
| Tree of Eternity | 1 | |
19 total
» build order
00:23 Moon Well
00:53 Altar of Elders
01:12 Moon Well
01:31 Ancient of War
02:43 Tree of Ages
02:43 Tree of Ages
03:01 Hunter's Hall
04:28 Moon Well
05:04 Moon Well
06:26 Ancient of Wind
06:57 Moon Well
08:13 Ancient of Wonders
08:49 Moon Well
08:53 Ancient Protector
09:05 Ancient Protector
10:15 Moon Well
14:55 Tree of Life
17:45 Ancient Protector
18:35 Tree of Eternity
» items
team 2 (winner)

»
Kadak (
purple | 39 APM | 544 actions | 14:01)
4 Shadow Hunter
2 Healing Wave
2 Hex
» actions
| Build / train | 50 | |
| Enter build submenu | 23 | |
| Enter hero's abilities submenu | 4 | |
| Give item / drop item | 3 | |
| Right click | 213 | |
| Select / deselect | 193 | |
| Use ability | 58 | |
544 total
» units
» upgrades
| Melee Weapons | 1 | |
| Armor | 2 | |
| Spiked Barricades | 1 | |
| Berserker Strength | 1 | |
| Shaman Training | 2 | |
7 total
» buildings
| Altar of Storms | 1 | |
| Orc Burrow | 7 | |
| Barracks | 1 | |
| War Mill | 2 | |
| Voodoo Lounge | 1 | |
| Great Hall | 2 | |
| Watch Tower | 7 | |
| Stronghold | 1 | |
| Spirit Lodge | 2 | |
| Fortress | 1 | |
25 total
» build order
00:25 Altar of Storms
00:40 Orc Burrow
00:54 Barracks
01:21 War Mill
01:47 Orc Burrow
02:27 Voodoo Lounge
02:33 Orc Burrow
03:50 Orc Burrow
06:06 Great Hall
06:09 Watch Tower
06:17 Stronghold
06:30 Watch Tower
06:46 Great Hall
07:05 Watch Tower
08:18 Orc Burrow
08:23 Watch Tower
08:32 Orc Burrow
09:58 Spirit Lodge
10:02 Fortress
10:07 Watch Tower
11:03 Spirit Lodge
11:42 Watch Tower
11:46 Watch Tower
11:55 Orc Burrow
12:02 War Mill
» items
| Lesser Clarity Potion | 3 | |
| Healing Salve | 2 | |
| Dust of Appearance | 1 | |
| Boots of Speed | 1 | |
| Potion of Mana | 2 | |
9 total
PrivatD1ck4Hire (
red | 62 APM | 1612 actions | 26:03)
8 Blademaster
3 Wind Walk
3 Critical Strike
1 Bladestorm
1 Mirror Image
» actions
| Assign group hotkey | 56 | |
| Basic commands | 30 | |
| Build / train | 80 | |
| Enter build submenu | 41 | |
| Enter hero's abilities submenu | 8 | |
| Give item / drop item | 4 | |
| Remove unit from queue | 1 | |
| Right click | 665 | |
| Select / deselect | 302 | |
| Select group hotkey | 240 | |
| Use ability | 185 | |
1612 total
» units
| Peon | 10 | |
| Grunt | 11 | |
| Goblin Shredder | 1 | |
| Goblin Zeppelin | 3 | |
| Troll Batrider | 10 | |
| Green Dragon | 1 | |
36 total
» upgrades
| Reinforced Defenses | 1 | |
| Troll Regeneration | 1 | |
| Ranged Weapons | 3 | |
| Armor | 2 | |
| Liquid Fire | 1 | |
8 total
» buildings
| Orc Burrow | 3 | |
| Altar of Storms | 1 | |
| Barracks | 1 | |
| Voodoo Lounge | 2 | |
| War Mill | 2 | |
| Stronghold | 1 | |
| Great Hall | 1 | |
| Watch Tower | 29 | |
| Fortress | 1 | |
| Beastiary | 4 | |
45 total
» build order
00:11 Orc Burrow
01:01 Altar of Storms
01:02 Barracks
01:09 Orc Burrow
01:39 Voodoo Lounge
02:21 War Mill
03:30 Stronghold
04:49 Great Hall
05:05 Orc Burrow
05:08 Watch Tower
05:09 Watch Tower
06:27 Fortress
06:30 Watch Tower
08:59 Watch Tower
08:59 Watch Tower
09:02 Watch Tower
09:04 Watch Tower
09:06 Watch Tower
09:09 Watch Tower
09:12 Watch Tower
09:15 Watch Tower
09:39 Watch Tower
09:44 Watch Tower
09:48 Watch Tower
11:32 Beastiary
11:33 Beastiary
11:35 Beastiary
12:00 Beastiary
13:55 War Mill
15:57 Watch Tower
19:48 Watch Tower
19:48 Watch Tower
19:49 Watch Tower
21:18 Watch Tower
21:18 Watch Tower
21:18 Watch Tower
21:31 Watch Tower
21:31 Watch Tower
21:31 Watch Tower
21:32 Watch Tower
21:34 Watch Tower
21:34 Watch Tower
21:34 Watch Tower
21:35 Watch Tower
21:38 Voodoo Lounge
» items
| Healing Salve | 9 | |
| Orb of Lightning | 1 | |
| Potion of Healing | 2 | |
| Potion of Mana | 4 | |
| Lesser Clarity Potion | 3 | |
| Scroll of Town Portal | 4 | |
| Tiny Great Hall | 1 | |
24 total
Ugotluckyson (
orange | 91 APM | 2365 actions | 26:04)
6 Death Knight
3 Death Coil
3 Unholy Aura
5 Crypt Lord
3 Carrion Beetles
1 Spiked Carapace
1 Impale
1 Shadow Hunter
1 Hex
» actions
| Assign group hotkey | 33 | |
| Basic commands | 46 | |
| Build / train | 177 | |
| ESC pressed | 11 | |
| Enter build submenu | 66 | |
| Enter hero's abilities submenu | 14 | |
| Give item / drop item | 4 | |
| Right click | 778 | |
| Select / deselect | 391 | |
| Select group hotkey | 616 | |
| Use ability | 229 | |
2365 total
» units
| Acolyte | 22 | |
| Ghoul | 3 | |
| Crypt Fiend | 10 | |
| Necromancer | 5 | |
| Peon | 5 | |
| Meatwagon | 2 | |
| Banshee | 2 | |
| Goblin Zeppelin | 2 | |
| Goblin Shredder | 7 | |
58 total
» upgrades
| Creature Attack | 3 | |
| Creature Carapace | 1 | |
| Web | 1 | |
| Burrow | 1 | |
| Reinforced Defenses | 1 | |
| Unholy Armor | 3 | |
| Necromancer Training | 2 | |
| Banshee Training | 1 | |
| Skeletal Longevity | 1 | |
| Disease Cloud | 1 | |
| Unholy Strength | 1 | |
16 total
» buildings
| Altar of Darkness | 1 | |
| Ziggurat | 18 | |
| Graveyard | 1 | |
| Crypt | 2 | |
| Tomb of Relics | 1 | |
| Nerubian Tower | 7 | |
| Halls of the Dead | 4 | |
| Necropolis | 2 | |
| Spirit Tower | 36 | |
| Black Citadel | 4 | |
| Sacrificial Pit | 1 | |
| Temple of the Damned | 3 | |
| Watch Tower | 20 | |
| Slaughterhouse | 1 | |
101 total
» build order
00:06 Altar of Darkness
00:08 Ziggurat
00:35 Graveyard
00:58 Crypt
01:00 Crypt
01:12 Tomb of Relics
01:29 Ziggurat
03:09 Nerubian Tower
05:42 Halls of the Dead
05:42 Halls of the Dead
06:09 Necropolis
06:11 Ziggurat
06:13 Ziggurat
07:56 Ziggurat
09:34 Ziggurat
09:49 Ziggurat
10:30 Nerubian Tower
11:02 Spirit Tower
11:03 Spirit Tower
11:03 Spirit Tower
11:12 Ziggurat
11:46 Ziggurat
11:50 Ziggurat
12:13 Spirit Tower
12:14 Spirit Tower
12:14 Spirit Tower
12:34 Black Citadel
12:34 Black Citadel
12:34 Black Citadel
12:37 Spirit Tower
12:37 Spirit Tower
12:37 Spirit Tower
13:57 Sacrificial Pit
14:10 Ziggurat
14:12 Ziggurat
14:13 Ziggurat
14:14 Ziggurat
14:23 Nerubian Tower
14:24 Spirit Tower
14:24 Spirit Tower
15:01 Temple of the Damned
15:03 Temple of the Damned
15:16 Spirit Tower
15:16 Spirit Tower
15:16 Spirit Tower
15:30 Spirit Tower
15:31 Spirit Tower
15:31 Spirit Tower
15:31 Spirit Tower
15:31 Spirit Tower
15:34 Spirit Tower
15:34 Spirit Tower
15:34 Spirit Tower
15:39 Watch Tower
15:44 Watch Tower
15:47 Watch Tower
16:36 Slaughterhouse
17:37 Ziggurat
17:39 Ziggurat
17:58 Watch Tower
18:49 Ziggurat
18:52 Ziggurat
19:50 Nerubian Tower
19:50 Nerubian Tower
19:52 Spirit Tower
19:52 Spirit Tower
21:03 Temple of the Damned
21:18 Watch Tower
21:20 Watch Tower
21:22 Watch Tower
21:23 Watch Tower
21:25 Watch Tower
21:52 Spirit Tower
21:52 Spirit Tower
22:51 Necropolis
23:08 Watch Tower
23:10 Watch Tower
23:12 Watch Tower
23:13 Watch Tower
24:09 Watch Tower
24:10 Watch Tower
24:11 Watch Tower
24:14 Watch Tower
24:15 Watch Tower
24:19 Watch Tower
24:21 Watch Tower
» items
| Rod of Necromancy | 2 | |
| Sacrificial Skull | 2 | |
| Potion of Healing | 8 | |
| Scroll of Town Portal | 3 | |
| Dust of Appearance | 1 | |
| Orb of Lightning | 1 | |
| Lesser Clarity Potion | 1 | |
| Orb of Corruption | 1 | |
| Periapt of Vitality | 1 | |
20 total

»
Stuff_IV (
pink | 28 APM | 388 actions | 13:57)
2 Blademaster
1 Wind Walk
1 Critical Strike
» actions
| Assign group hotkey | 1 | |
| Basic commands | 20 | |
| Build / train | 29 | |
| ESC pressed | 2 | |
| Enter build submenu | 13 | |
| Enter hero's abilities submenu | 2 | |
| Right click | 120 | |
| Select / deselect | 171 | |
| Select group hotkey | 2 | |
| Use ability | 28 | |
388 total
» units
| Peon | 8 | |
| Grunt | 6 | |
| Tauren | 1 | |
| Goblin Zeppelin | 1 | |
| Goblin Shredder | 1 | |
17 total
» upgrades
| Melee Weapons | 3 | |
| Armor | 2 | |
| Berserker Strength | 1 | |
6 total
» buildings
| Altar of Storms | 1 | |
| Orc Burrow | 5 | |
| Barracks | 1 | |
| War Mill | 1 | |
| Stronghold | 1 | |
| Voodoo Lounge | 1 | |
| Fortress | 1 | |
| Tauren Totem | 1 | |
| Spirit Lodge | 1 | |
| Great Hall | 1 | |
14 total
» build order
00:09 Altar of Storms
00:13 Orc Burrow
01:38 Barracks
01:53 Orc Burrow
02:04 War Mill
02:28 Orc Burrow
03:56 Stronghold
04:08 Voodoo Lounge
06:24 Fortress
08:53 Tauren Totem
09:02 Orc Burrow
09:18 Orc Burrow
09:36 Spirit Lodge
11:52 Great Hall
» items
Chat log
(00:36 / Allies) Stuff_IV: mass bm rush?
(00:46 / Allies) Kadak: im down
(01:06 / Allies) Kadak: or i can go shadow for healing
(01:16 / Allies) PrivatD1ck4Hire: I need no gimmicks
(01:18 / Allies) Stuff_IV: im neutral
(01:21 / Allies) PrivatD1ck4Hire: I play tough, I play right, and I PLAY HARD!
(01:43 / All) PrivatD1ck4Hire: JUST BEAT IT
(01:44 / All) PrivatD1ck4Hire: BEAT IT
(01:47 / All) PrivatD1ck4Hire: NO ONE WANTS TO BE DEFEATED
(01:56 / All) c0ca_c0la: mhmmmm
(01:59 / All) c0ca_c0la: sing it
(02:00 / All) PrivatD1ck4Hire: SHOWING HOW FUNKY STRONG IS UR FIGHT
(02:14 / All) PrivatD1ck4Hire: IT DOESNT MATTER WHOS WRONG OR RIGHT
(06:22 / Allies) PrivatD1ck4Hire: thx bud
(08:15 / Allies) PrivatD1ck4Hire: whoops
(08:17 / Allies) PrivatD1ck4Hire: got crit 2
(08:27 / Allies) Stuff_IV: anyone going aa?
(08:35 / Allies) PrivatD1ck4Hire: I'll go bat
(08:39 / Allies) Stuff_IV: great
(11:07 / Allies) Stuff_IV: need aa here now
(11:43 / Allies) Stuff_IV: wasnt worth a tp oj?
(11:58 / Allies) Ugotluckyson: no
(14:08 / All) PrivatD1ck4Hire: waht duh fuh
(14:11 / All) c0ca_c0la: gg
(14:16 / All) c0ca_c0la: mass grunts lol
(14:26 / Allies) Ugotluckyson: where we hit
(14:28 / Allies) Ugotluckyson: what should I make
(14:41 / Allies) PrivatD1ck4Hire: caster
(14:47 / Allies) PrivatD1ck4Hire: necro wag
(14:50 / Allies) Ugotluckyson: k
(14:52 / Allies) PrivatD1ck4Hire: tower up purple
(14:57 / Allies) PrivatD1ck4Hire: run his shit to you
(15:12 / Allies) PrivatD1ck4Hire: tower up your base with him
(15:20 / Allies) Ugotluckyson: need lumber bad
(15:31 / Allies) Ugotluckyson: ty
(16:46 / All) c0ca_c0la: ty for the lust
(16:59 / Allies) PrivatD1ck4Hire: coul am
(17:03 / All) c0ca_c0la: b
(17:06 / Allies) Ugotluckyson: damn 1 sec too late
(17:36 / Allies) PrivatD1ck4Hire: use purple
(18:06 / All) c0ca_c0la: green has done literally nothing all game lol
(18:23 / All) SHAMAN-BAMAN: not true
(19:58 / All) PrivatD1ck4Hire: lol
(20:03 / Allies) PrivatD1ck4Hire: tp your base
(20:05 / All) c0ca_c0la: ?
(20:12 / All) Ugotluckyson: hero stuck bug/
(20:14 / All) Ugotluckyson: wasn't tping
(20:18 / All) SHAMAN-BAMAN: blue stfu
(20:19 / All) SHAMAN-BAMAN: jesus
(20:22 / All) SHAMAN-BAMAN: mind ur own business
(20:24 / All) c0ca_c0la: omg green is idle all game
(20:24 / All) Blood4oil: necs
(20:41 / All) c0ca_c0la: easy win
(20:44 / All) c0ca_c0la: green turns into a gold race
(20:45 / All) c0ca_c0la: gg
(21:09 / Allies) PrivatD1ck4Hire: put more towers your base with purp
(21:12 / Allies) Ugotluckyson: k
(21:16 / All) c0ca_c0la: 2v4 kinda hard
(21:27 / All) PrivatD1ck4Hire: "4"
(21:34 / All) Ugotluckyson: I've done it before and it wasn't too much trouble
(21:34 / All) c0ca_c0la: youre better off than us
(21:39 / All) Ugotluckyson: when I was playing 100% and not being lazy like here
(21:39 / All) c0ca_c0la: green is literally just standing there idle
(21:43 / All) c0ca_c0la: i wish i could use his units
(21:49 / All) Ugotluckyson: tough luck noob
(21:51 / All) PrivatD1ck4Hire: we aren't even using pink
(21:54 / All) PrivatD1ck4Hire: barely purple lol
(21:57 / All) c0ca_c0la: ya ok, im noob cause i have a tker
(22:03 / All) Ugotluckyson: you can't kill 1 tker
(22:06 / All) Ugotluckyson: and get raped by them
(22:07 / All) c0ca_c0la: ?
(22:10 / All) Ugotluckyson: sounds like noob
(22:10 / All) PrivatD1ck4Hire: I got beef with you blue
(22:15 / All) PrivatD1ck4Hire: you a front runnin' muthafucka
(22:17 / All) c0ca_c0la: its worse
(22:23 / All) Ugotluckyson: THAT ISNT TKING THEN RETARD
(22:28 / All) PrivatD1ck4Hire: DICK RIDIN FRONT RUNNIN
(22:29 / All) PrivatD1ck4Hire: MUTHA
(22:30 / All) PrivatD1ck4Hire: FUCKA
(22:38 / All) c0ca_c0la: ya green is a tker
(22:41 / All) Ugotluckyson: nope
(22:47 / All) SHAMAN-BAMAN: teal hit my expo lol
(22:56 / All) SHAMAN-BAMAN: and this idiot calls me a tker
(23:05 / All) SHAMAN-BAMAN: get ur own bitch
(23:08 / All) SHAMAN-BAMAN: this has my name on it
(23:44 / All) SHAMAN-BAMAN: we lose cuz u suck teal
(24:16 / All) SHAMAN-BAMAN: i woulda gave u gold if you asked teal
(24:19 / All) SHAMAN-BAMAN: instead ua ttacked my expo
(24:50 / All) SHAMAN-BAMAN: suck my dick blue
(24:56 / All) c0ca_c0la: fucking loser
(25:06 / All) Ugotluckyson: RAPE
(25:06 / All) PrivatD1ck4Hire: lol
(25:16 / All) PrivatD1ck4Hire: blue lose IMO
(25:27 / All) Ugotluckyson: let me rape his army first
(25:49 / All) SHAMAN-BAMAN: gonna take small break afer this. can i leave
(25:58 / All) Ugotluckyson: k